 Dungeon Crawl Stone Soup version 0.30-a0-765-g3161bf10a1 (webtiles) character file.

Game seed: 18250350727516179678

1906 Kenran the Grappler (level 8, 0/74 HPs)
             Began as a Minotaur Chaos Knight on Feb 12, 2023.
             Was a Plaything of Xom.
             Slain by a gnoll
             ... wielding a +0 spear
             ... led by a gnoll sergeant
              (2 damage)
             ... on level 6 of the Dungeon.
             The game lasted 00:10:14 (5079 turns).

Kenran the Grappler (Minotaur Chaos Knight)         Turns: 5079, Time: 00:10:15

Health: 0/74       AC: 10    Str: 20    XL:     8   Next: 94%
Magic:  7/7        EV: 12    Int:  9    God:    Xom [......]
Gold:   516        SH:  0    Dex: 11    Spells: 7/7 levels left

rFire   . . .      SeeInvis +      - Unarmed
rCold   . . .      Faith    .    (no shield)
rNeg    . . .      Spirit   .    a - +2 leather armour
rPois   .          Reflect  .    (helmet restricted)
rElec   .          Harm     .    (no cloak)
rCorr   .          Rampage  .    q - +2 pair of gloves of Bequeathed Mirth {Str+2}
Will    .....                    m - +0 pair of boots
Stlth   +                        (no amulet)
HPRegen 0.32/turn                k - ring of see invisible
MPRegen 0.10/turn                (no ring)

@: mighty, lethally poisoned (0 -> -4), hasted, invisible, very quick
A: horns 2, retaliatory headbutt, inability to drink after injury 1, inability
to read after injury 1
a: Renounce Religion


You were on level 6 of the Dungeon.
You worshipped Xom.
You were a very special plaything of Xom.
You visited 1 branch of the dungeon, and saw 6 of its levels.

You collected 829 gold pieces.
You spent 313 gold pieces at shops.

Inventory:

Armour
 a - a +2 leather armour (worn)
 m - a +0 pair of boots (worn)
 q - the +2 pair of gloves of Bequeathed Mirth (worn) {Str+2}
   (You bought it in a shop on level 5 of the Dungeon)

   Str:       It affects your strength (+2).
Jewellery
 k - a ring of see invisible (left hand)
Wands
 p - a wand of mindburst (11)
Scrolls
 c - a scroll of enchant weapon
 f - 5 scrolls of teleportation
 h - 2 scrolls of vulnerability {!r}
 o - a scroll of fear {unknown}
 r - a scroll of enchant armour {unknown}
Potions
 e - a potion of heal wounds {unknown}
 i - a potion of brilliance {unknown}
 l - a potion of might
 n - a potion of haste
Miscellaneous
 b - a piece from Xom's chessboard (15/15) (quivered)


   Skills:
 - Level 8.0 Fighting
 + Level 5.6 Armour
 + Level 2.3 Dodging
 - Level 10.0 Unarmed Combat
 + Level 1.5 Evocations


You had 7 spell levels left.
You didn't know any spells.
Your spell library contained the following spells:

 Spells                   Type           Power      Damage    Failure   Level
 Cigotuvi's Dreadful Rot  Necr/Pois/Air  0%         N/A       56%         2
 Ensorcelled Hibernation  Hex/Ice        0%         N/A       56%         2
 Passwall                 Tmut/Erth      0%         N/A       56%         2
 Poisonous Vapours        Pois/Air       0%         N/A       56%         2
 Kindle Blastsparks       Fire/Tloc/Air  0%         2d10      80%         3
 Mephitic Cloud           Conj/Pois/Air  0%         N/A       80%         3
 Summon Guardian Golem    Hex/Summ       0%         N/A       80%         3
 Swiftness                Air            0%         N/A       80%         3
 Fulminant Prism          Conj/Hex       0%         3d5       99%         4
 Iskenderun's Mystic Bla  Conj/Tloc      0%         2d3       99%         4
 Lee's Rapid Deconstruct  Erth           0%         3d4*      100%        5
 Orb of Destruction       Conj           0%         9d5       100%        7
 Spellforged Servitor     Conj/Summ      0%         N/A       100%        7


Dungeon Overview and Level Annotations

Branches:
Dungeon (6/15)             Temple (0/1) D:5

Altars:
Ashenzari
Hepliaklqana
Kikubaaqudgha
Makhleb
Zin

Shops:
D:5 [


Innate Abilities, Weirdness & Mutations

You have a pair of horns on your head.
You reflexively headbutt those who attack you in melee.
You occasionally lose the ability to drink potions when taking damage.
You occasionally lose the ability to read scrolls when taking damage.


Message History

You feel sick. The gnoll closely misses you.
The gnoll hits you from afar with a +0 spear.
* * * LOW HITPOINT WARNING * * *
The gnoll sergeant hits you with a +2 spear of venom.
* * * LOW HITPOINT WARNING * * *
You are more poisoned.
You hit the gnoll sergeant.
The gnoll sergeant is almost dead.
* * * LOW HITPOINT WARNING * * *
You feel very sick. The gnoll barely misses you.
The gnoll completely misses you.
The gnoll sergeant drinks a potion.
The gnoll sergeant is healed!
You closely miss the gnoll sergeant.
The gnoll sergeant is heavily wounded.
You can drink potions again.
* * * LOW HITPOINT WARNING * * *
You feel sick.
You hit the gnoll sergeant. You headbutt the gnoll sergeant.
You kill the gnoll sergeant!
* * * LOW HITPOINT WARNING * * *
You feel sick. The gnoll hits you but does no damage.
The gnoll hits you from afar with a +0 spear.
* * * LOW HITPOINT WARNING * * *
It was a potion of might.
You feel very mighty all of a sudden.
* * * LOW HITPOINT WARNING * * *
You feel sick.
The gnoll hits you from afar with a +0 spear.
* * * LOW HITPOINT WARNING * * *
The gnoll hits you but does no damage.
It was a potion of haste.
You feel yourself speed up.
* * * LOW HITPOINT WARNING * * *
You feel sick. The gnoll barely misses you.
The gnoll hits you but does no damage.
It was a potion of invisibility.
You fade into invisibility!
* * * LOW HITPOINT WARNING * * *
You feel sick. The gnoll hits you but does no damage.
The gnoll hits you from afar with a +0 spear.
You die...

##......##...# .... #.....
##......##...##.... ##..†..
#........#..........#...>..
#........#..........#......
#........'..........#......
##.##...##...##...# ##'##..
####...##.g.##...####.##..
#....#.).......#........
#....#.@.......#........
#....#.........#...)....
#....#...g.....#...)....
#....#.........#..).)...
#....#.........#........
#....#......>..#........
##.[.##...####.##..####+
#############)##..#
#......#...)..#


You could see 2 gnolls.

Vanquished Creatures
  Pikel (D:5)
  A black bear (D:5)
  An ogre (D:6)
  2 centaurs
  Blork the orc (D:6)
  A gnoll sergeant (D:6)
  A scorpion (D:3)
  4 wights (D:6)
  2 howler monkeys
  2 jellies (D:6)
  A gnoll bouda (D:5)
  2 orc priests
  A hound (D:6)
  Jessica (D:2)
  2 iguanas
  An orc wizard (D:4)
  11 gnolls
  10 adders
  2 shadow imps
  An ufetubus (D:5)
  2 worms
  A dart slug (D:2)
  19 orcs
  7 bats
  6 endoplasms
  8 giant cockroaches
  7 goblins
  10 hobgoblins
  10 jackals
  9 kobolds
  8 quokkas
  6 ball pythons
  3 frilled lizards
  7 rats
151 creatures vanquished.

Vanquished Creatures (collateral kills)
  An adder (D:6)
1 creature vanquished.

Grand Total: 152 creatures vanquished

Notes
Turn   | Place    | Note
-------+----------+-------------------------------------------
     0 | D:1      | Kenran the Minotaur Chaos Knight began the quest for the
                  | Orb.
     0 | D:1      | Reached XP level 1. HP: 19/19 MP: 0/0
    34 | D:1      | Reached XP level 2. HP: 18/27 MP: 1/1
   246 | D:1      | XOM: silly message
   359 | D:1      | Reached skill level 4 in Unarmed Combat
   405 | D:1      | Reached XP level 3. HP: 32/33 MP: 2/2
   413 | D:1      | XOM: silly message
   647 | D:1      | XOM: divination: magic mapping
   895 | D:1      | XOM: silly message
   918 | D:1      | XOM: god gift: 30 gold pieces
  1054 | D:2      | Noticed Jessica
  1058 | D:2      | Reached skill level 5 in Unarmed Combat
  1058 | D:2      | Reached XP level 4. HP: 40/40 MP: 3/3
  1065 | D:2      | Killed Jessica
  1263 | D:2      | XOM: confuse monster(s)
  1467 | D:2      | Found a burning altar of Makhleb.
  1494 | D:2      | XOM: cloud trail
  1782 | D:2      | XOM is BORED!
  1782 | D:2      | XOM: silly message
  1935 | D:3      | Reached XP level 5. HP: 43/47 MP: 4/4
  1937 | D:3      | XOM: silly message
  1943 | D:3      | Found a faded altar of an unknown god.
  2149 | D:3      | Reached skill level 5 in Fighting
  2314 | D:3      | Reached skill level 6 in Unarmed Combat
  2374 | D:3      | Found a broken altar of Ashenzari.
  2374 | D:3      | Found a hazy altar of Hepliaklqana.
  2382 | D:3      | Found an ancient bone altar of Kikubaaqudgha.
  2390 | D:3      | Reached XP level 6. HP: 55/56 MP: 5/5
  2392 | D:3      | Found a faded altar of an unknown god.
  2394 | D:3      | Found a glowing silver altar of Zin.
  2632 | D:4      | XOM: silly message
  2636 | D:4      | Reached skill level 7 in Unarmed Combat
  2874 | D:4      | XOM is BORED!
  2874 | D:4      | XOM: silly message
  3186 | D:4      | Identified the +8 flail of the Last Tables {flame, *Rage
                  | rCorr Stlth+}
  3736 | D:4      | XOM: noise
  3863 | D:4      | Identified a scroll of acquirement
  3864 | D:4      | Acquired 568 gold pieces
  3893 | D:5      | Entered Level 5 of the Dungeon
  3896 | D:5      | XOM: polymorph gnoll -> quokka
  3898 | D:5      | Reached skill level 8 in Unarmed Combat
  3905 | D:5      | Reached XP level 7. HP: 61/61 MP: 6/6
  3994 | D:5      | XOM: confusion (+ monsters)
  3995 | D:5      | XOM: potion effect (curing)
  4004 | D:5      | XOM: swap monsters
  4045 | D:5      | Found Igewoima's Antique Armour Boutique.
  4066 | D:5      | Found a staircase to the Ecumenical Temple.
  4177 | D:5      | XOM: confusion (+ monsters)
  4233 | D:5      | Bought a pair of faintly glowing gloves for 313 gold pieces
  4233 | D:5      | Identified the +2 pair of gloves of Bequeathed Mirth
                  | {Str+2} (You bought it in a shop on level 5 of the Dungeon)
  4414 | D:6      | XOM: confuse monster(s)
  4421 | D:6      | Reached skill level 5 in Armour
  4421 | D:6      | Noticed Pikel
  4427 | D:6      | XOM: summons friendly crimson imp
  4430 | D:6      | XOM: potion effect (brilliance)
  4446 | D:5      | Killed Pikel
  4447 | D:5      | Reached skill level 9 in Unarmed Combat
  4447 | D:5      | Reached XP level 8. HP: 24/73 MP: 7/7
  4615 | D:6      | Identified the +7 short sword of Awkwardness {vamp, *Slow
                  | rC+ rCorr Dex+3}
  4727 | D:6      | XOM: silly message
  4752 | D:6      | Noticed Blork the orc
  4763 | D:6      | Killed Blork the orc
  4847 | D:6      | XOM: confuse monster(s)
  4849 | D:6      | XOM: summons 2 friendly demons
  4861 | D:6      | Reached skill level 10 in Unarmed Combat
  4865 | D:6      | XOM: enchant monster (good)
  4868 | D:6      | Reached skill level 1 in Evocations
  4916 | D:6      | XOM: give mutations
  4916 | D:6      | Gained mutation: You occasionally lose the ability to drink
                  | potions when taking damage. [Xom's mischief]
  4916 | D:6      | Gained mutation: You occasionally lose the ability to read
                  | scrolls when taking damage. [Xom's mischief]
  5063 | D:6      | XOM: confusion
  5065 | D:6      | XOM: repel stairs
  5077 | D:6      | HP: 3/74 [gnoll/+0 spear[a gnoll sergeant] (1)]
  5079 | D:6      | Slain by a gnoll

Illustrated notes

Levels and vault maps discovered:
D:1:      dpeg_arrival_shelter, layout_loops_corners, minmay_misc_feat_tiny,
          hangedman_decor_clover_reticule
D:2:      layout_basic, basic_altar, uniq_jessica
D:3:      layout_rooms, chequers_temple_overflow_minitemple,
          hellmonk_ecumenical_altar_crossroads
D:4:      layout_basic, grunt_decor_fettered
D:5:      layout_basic, minmay_temple_entry_purple_smoke, serial_shops, shop
D:6:      layout_gridville, nicolae_benzene_ring, uniq_blork_the_orc, uniq_pikel

Skill      XL: |  1  2  3  4  5  6  7  8 |
---------------+-------------------------+-----
Fighting       | 4 5 7 8 |  8.0
Unarmed Combat | 4 5 6 8 9 10 | 10.0
Armour         | 3 5 |  5.6
Evocations     | 1 |  1.5
Dodging        | 2 |  2.3

Action                     |  1- 3 |  4- 6 |  7- 9 || total
---------------------------+-------+-------+-------++-------
  Melee: Unarmed           |   111 |   172 |   112 ||   395
         Headbutt          |     8 |    23 |    23 ||    54
         Punch             |     1 |     6 |     3 ||    10
    Use: Scroll            |     1 |     4 |     1 ||     6
         Potion            |       |     1 |     5 ||     6
   Stab: Confused          |       |       |     3 ||     3
         Petrified         |       |       |     1 ||     1
 Armour: Leather armour    |    34 |    56 |    42 ||   132
  Dodge: Dodged            |    55 |    87 |    54 ||   196

Table legend: (Time is in decaauts)
 A = Elapsed time spent in this place.
 B = Non-inter-level travel time spent in this place.
 C = Inter-level travel time spent in this place.
 D = Time resting spent in this place.
 E = Time spent auto-exploring this place.
 F = Levels seen in this place.
 G = Mean time per level.
                   A        B        C        D        E       F      G
               +--------+--------+--------+--------+--------+-----+--------+
         Total |   5044 |   4937 |    107 |    754 |   2778 |   6 |  840.7 |
       Dungeon |   5044 |   4937 |    107 |    754 |   2778 |   6 |  840.7 |
               +--------+--------+--------+--------+--------+-----+--------+

Top non-repeatable levels by time:
     D:4: 1310 daAuts
     D:2: 959 daAuts
     D:1: 937 daAuts
     D:5: 780 daAuts
     D:3: 657 daAuts
     D:6: 399 daAuts
